 Dungeon Crawl Stone Soup version 0.28-a0-1510-gd0f6b136d3 (webtiles) character file.

Game seed: 5037849767724616496

6370 Gargoyl the Fighter (level 10, 0/71 (82) HPs)
             Began as a Gnoll Abyssal Knight on Jan 15, 2022.
             Was a Priest of Lugonu.
             Slain by a spectral orc warrior (8 damage)
             ... summoned by Nergalle
             ... on level 9 of the Dungeon.
             The game lasted 00:15:25 (12984 turns).

Gargoyl the Fighter (Gnoll Abyssal Knight)         Turns: 12984, Time: 00:15:28

HP:   0/71 (82)     AC: 14    Str: 24    XL:     10   Next: 97%
MP:   11/18         EV: 11    Int:  9    God:    Lugonu [***...]
Gold: 443           SH:  0    Dex: 18    Spells: 20/20 levels left

rFire   . . .      SeeInvis .   j - +1 whip (elec)
rCold   . . .      Faith    .   (no shield)
rNeg    . . .      Spirit   .   d - +0 chain mail
rPois   .          Reflect  .   h - +1 helmet
rElec   .          Harm     .   (no cloak)
rCorr   .          Rampage  .   (no gloves)
Will    .....                   f - +0 pair of boots
Stlth   ..........              q - amulet of magic regeneration
HPRegen 0.21/turn               s - +6 ring of dexterity
MPRegen 0.56/turn               F - +6 ring of strength

@: heavily drained
A: fangs 1, strong nose, distributed training
a: Renounce Religion, Depart the Abyss, Bend Space, Banish


You were on level 9 of the Dungeon.
You worshipped Lugonu.
Lugonu was most pleased with you.
You visited 1 branch of the dungeon, and saw 10 of its levels.
You visited the Abyss 1 time.

You collected 443 gold pieces.

Inventory:

Hand Weapons
 a - a +1 hand axe of chaos
 j - a +1 whip of electrocution (weapon)
 l - a +2 vorpal war axe
 A - a +0 scimitar of flaming
Missiles
 o - a throwing net
 z - 7 poisoned darts (quivered)
Armour
 d - a +0 chain mail (worn)
 f - a +0 pair of boots (worn)
 h - a +1 helmet (worn)
Jewellery
 q - an amulet of magic regeneration (around neck)
 s - a +6 ring of dexterity (left hand)
 w - a ring of flight
 F - a +6 ring of strength (right hand)
 H - a +4 ring of protection
Wands
 e - a wand of paralysis (9)
 i - a wand of flame (35)
 p - a wand of polymorph (6)
 x - a wand of iceblast (9)
 B - a wand of digging (2)
Scrolls
 k - a scroll of holy word {unknown}
 t - a scroll of magic mapping
 u - a scroll of fog
 y - a scroll of blinking
 C - 2 scrolls of identify
Potions
 b - 2 potions of cancellation {unknown}
 c - 5 potions of flight
 g - a potion of berserk rage
 m - a potion of curing
 n - a potion of brilliance {unknown}
 r - 2 potions of mutation {unknown}
 v - a potion of might {unknown}


   Skills:
 + Level 8.8 Fighting
 + Level 5.7 Short Blades
 + Level 5.7 Long Blades
 + Level 7.4 Axes
 + Level 5.7 Maces & Flails
 + Level 5.7 Polearms
 + Level 5.7 Staves
 + Level 5.7 Slings
 + Level 5.7 Bows
 + Level 5.7 Crossbows
 + Level 5.7 Throwing
 + Level 7.4 Armour
 + Level 6.3 Dodging
 + Level 5.7 Stealth
 + Level 5.7 Shields
 + Level 5.7 Unarmed Combat
 + Level 5.7 Spellcasting
 + Level 4.7 Conjurations
 + Level 4.7 Hexes
 + Level 4.7 Summonings
 + Level 4.7 Necromancy
 + Level 4.7 Translocations
 + Level 4.7 Transmutations
 + Level 4.7 Fire Magic
 + Level 4.7 Ice Magic
 + Level 4.7 Air Magic
 + Level 4.7 Earth Magic
 + Level 4.7 Poison Magic
 + Level 7.9 Invocations
 + Level 5.7 Evocations


You had 20 spell levels left.
You didn't know any spells.
Your spell library contained the following spells:

 Spells                   Type           Power      Damage    Failure   Level
 Blink                    Tloc           22%        N/A       28%         2
 Ignite Poison            Fire/Tmut/Pois 11%        N/A       50%         3
 Lesser Beckoning         Tloc           11%        N/A       50%         3
 Mephitic Cloud           Conj/Pois/Air  11%        N/A       50%         3
 Portal Projectile        Hex/Tloc       22%        N/A       50%         3
 Leda's Liquefaction      Hex/Erth       5%         N/A       88%         4
 Summon Lightning Spire   Summ/Air       11%        N/A       88%         4
 Blade Hands              Tmut           5%         N/A       99%         5
 Excruciating Wounds      Necr           5%         N/A       99%         5
 Freezing Cloud           Conj/Ice/Air   5%         6-21      99%         5
 Lee's Rapid Deconstruct  Erth           5%         3d7*      99%         5
 Manifold Assault         Tloc           11%        N/A       99%         5
 Dispersal                Tloc           5%         N/A       100%        6
 Statue Form              Tmut/Erth      7%         N/A       100%        6
 Storm Form               Tmut/Air       5%         N/A       100%        7
 Disjunction              Tloc           5%         N/A       100%        8
 Maxwell's Capacitive Co  Air            5%         ∞         100%        8


Dungeon Overview and Level Annotations

Branches:
Dungeon (10/15)            Temple (0/1) D:6             Orc (0/2) D:10
   Lair: D:8-11

Altars:
Kikubaaqudgha
Makhleb
Qazlal
Ru
Trog
Uskayaw
Vehumet
Wu Jian
Zin
The Shining One

Shops:
D:4 =   D:6 *

Annotations:
D:9 Nergalle


Innate Abilities, Weirdness & Mutations

You have very sharp teeth.
Your uncanny sense of smell can sniff out nearby items.
Your experience applies equally to all skills.


Message History

* * * LOW HITPOINT WARNING * * *
You closely miss Nergalle.
Nergalle is moderately wounded.
Nergalle barely misses you.
The spectral orc warrior hits you with a +0 trident.
* * * LOW HITPOINT WARNING * * *
The spectral orc warrior barely misses you.
The spectral orc warrior closely misses you.
You hit Nergalle but do no damage.
Nergalle is moderately wounded.
Nergalle hits you but does no damage.
The spectral orc warrior hits you with a +0 trident.
* * * LOW HITPOINT WARNING * * *
You feel drained.
* * * LOW HITPOINT WARNING * * *
The spectral orc warrior hits you but does no damage.
Press: ? - help, Shift-Dir - straight line, f - Nergalle
Aim: Nergalle, wielding a +0 dagger and wearing a +0 robe (moderately wounded, chance to affect: 54%) Nergalle resists with significant effort.
The spectral orc warrior hits you with a +0 morningstar.
* * * LOW HITPOINT WARNING * * *
Nergalle barely misses you.
The spectral orc warrior barely misses you.
The spectral orc warrior hits you with a +0 trident.
* * * LOW HITPOINT WARNING * * *
Unknown command.
Press: ? - help, Shift-Dir - straight line, f/p - Nergalle
Aim: Nergalle, wielding a +0 dagger and wearing a +0 robe (moderately wounded, chance to affect: 54%) Nergalle resists with significant effort.
The spectral orc warrior misses you. Nergalle misses you.
The spectral orc warrior barely misses you.
The spectral orc warrior hits you with a +0 trident.
* * * LOW HITPOINT WARNING * * *
You feel better.
The spectral orc warrior closely misses you.
Nergalle hits you with a +0 dagger.
* * * LOW HITPOINT WARNING * * *
The spectral orc warrior hits you but does no damage.
The spectral orc warrior hits you with a +0 trident!
You die...

######..############.# #..# #.#
#..# #.# #..# #.# #..# #.#
######..# #.#
........############.############
...............†ZZZ....>.........
...............Z@oZ..............
###########.###########.#########
#.# #.# #.# #.#
###########.###########.#
..†.....................#########
.................................
###.........#####################
#..._.......#


You could see Nergalle, 4 spectral orc warriors and a spectral orc warlord
(summoned).

Vanquished Creatures
  Erica (D:8)
  Maurice (D:8)
  Maggie (D:6)
  A kobold demonologist (D:7)
  A troll (D:8)
  Grinder (D:4)
  A shadow (D:9)
  A steam dragon (D:5)
  An acid dragon (D:10)
  2 water moccasins
  Duvessa (D:7)
  2 orc warriors (D:8)
  2 ice beasts
  An ogre (D:7)
  2 centaurs
  3 black bears
  2 phantoms
  A kobold brigand (D:7)
  4 bullfrogs
  2 scorpions
  A wyvern zombie (D:7)
  Dowan (D:7)
  A wyvern skeleton (D:5)
  2 howler monkeys (D:9)
  A centaur zombie (D:8)
  3 centaur skeletons
  An orc priest (D:6)
  A gnoll shaman (D:6)
  A hound (D:5)
  A bullfrog skeleton (D:5)
  Jessica (D:2)
  Ijyb (D:5)
  2 iguanas
  3 orc wizards
  A howler monkey zombie (D:9)
  Robin (D:2)
  16 gnolls
  5 adders
  A white imp (D:7)
  An ufetubus (D:4)
  3 dart slugs
  35 orcs
  5 endoplasms
  5 giant cockroaches
  16 goblins
  7 hobgoblins
  6 kobolds
  5 quokkas
  6 ball pythons
  4 bats
  6 frilled lizards
  2 rats
176 creatures vanquished.

Vanquished Creatures (collateral kills)
  A two-headed ogre (D:10)
  A yak (D:10)
2 creatures vanquished.

Vanquished Creatures (others)
  22 fungi
  23 plants (D:10)
45 creatures vanquished.

Grand Total: 223 creatures vanquished

Notes
Turn   | Place    | Note
-------+----------+-------------------------------------------
     0 | Abyss:1  | Gargoyl the Gnoll Abyssal Knight began the quest for the
                  | Orb.
     0 | Abyss:1  | Reached XP level 1. HP: 23/23 MP: 3/3
    17 | D:1      | Escaped the Abyss
   129 | D:1      | Reached * piety under Lugonu
   380 | D:1      | Reached XP level 2. HP: 21/29 MP: 5/5
   656 | D:1      | Reached XP level 3. HP: 35/35 MP: 6/6
  1168 | D:2      | Found a faded altar of an unknown god.
  1264 | D:2      | Noticed Jessica
  1274 | D:2      | Killed Jessica
  1275 | D:2      | Reached skill level 1 in Short Blades
  1275 | D:2      | Reached skill level 1 in Long Blades
  1275 | D:2      | Reached skill level 1 in Maces & Flails
  1275 | D:2      | Reached skill level 1 in Polearms
  1275 | D:2      | Reached skill level 1 in Staves
  1275 | D:2      | Reached skill level 1 in Slings
  1275 | D:2      | Reached skill level 1 in Bows
  1275 | D:2      | Reached skill level 1 in Crossbows
  1275 | D:2      | Reached skill level 1 in Throwing
  1275 | D:2      | Reached skill level 1 in Stealth
  1275 | D:2      | Reached skill level 1 in Shields
  1275 | D:2      | Reached skill level 1 in Unarmed Combat
  1275 | D:2      | Reached skill level 1 in Spellcasting
  1275 | D:2      | Reached skill level 1 in Evocations
  1275 | D:2      | Reached XP level 4. HP: 36/41 MP: 7/7
  1509 | D:2      | Noticed Robin
  1533 | D:2      | Reached ** piety under Lugonu
  1540 | D:2      | Killed Robin
  1541 | D:2      | Reached skill level 1 in Conjurations
  1541 | D:2      | Reached skill level 1 in Hexes
  1541 | D:2      | Reached skill level 1 in Summonings
  1541 | D:2      | Reached skill level 1 in Necromancy
  1541 | D:2      | Reached skill level 1 in Translocations
  1541 | D:2      | Reached skill level 1 in Transmutations
  1541 | D:2      | Reached skill level 1 in Fire Magic
  1541 | D:2      | Reached skill level 1 in Ice Magic
  1541 | D:2      | Reached skill level 1 in Air Magic
  1541 | D:2      | Reached skill level 1 in Earth Magic
  1541 | D:2      | Reached skill level 1 in Poison Magic
  1798 | D:2      | Reached XP level 5. HP: 24/47 MP: 8/8
  2535 | D:2      | You fall into a shaft and drop 2 floors!
  2535 | D:4      | Found Wineimae's Jewellery Emporium.
  2633 | D:4      | Noticed an ice beast
  2652 | D:4      | Killed an ice beast
  2653 | D:4      | Reached skill level 5 in Invocations
  2653 | D:4      | Reached XP level 6. HP: 49/53 MP: 9/9
  2721 | D:4      | Reached skill level 5 in Axes
  2721 | D:4      | Reached skill level 5 in Armour
  2842 | D:4      | Noticed Grinder
  2847 | D:4      | Found an ancient bone altar of Kikubaaqudgha.
  2872 | D:4      | Paralysed by Grinder for 7 turns
  2917 | D:4      | Killed Grinder
  2918 | D:4      | Reached skill level 7 in Fighting
  2918 | D:4      | Reached XP level 7. HP: 35/60 MP: 9/11
  3572 | D:3      | Found a stormy altar of Qazlal.
  3615 | D:3      | Found a sacrificial altar of Ru.
  3713 | D:3      | Reached *** piety under Lugonu
  4791 | D:4      | Found a glowing silver altar of Zin.
  4924 | D:4      | Found an ornate altar of the Wu Jian Council.
  5256 | D:5      | Entered Level 5 of the Dungeon
  5313 | D:5      | Reached XP level 8. HP: 47/67 MP: 12/12
  5875 | D:5      | Noticed Ijyb
  6195 | D:5      | Killed Ijyb
  6990 | D:6      | Found a burning altar of Makhleb.
  7023 | D:6      | Noticed Maggie
  7054 | D:6      | Killed Maggie
  7221 | D:6      | Found a staircase to the Ecumenical Temple.
  7283 | D:6      | Reached XP level 9. HP: 68/72 MP: 14/14
  7486 | D:6      | Found Fujats's General Store.
  8611 | D:7      | Reached skill level 5 in Dodging
  8727 | D:7      | Noticed Duvessa
  8734 | D:7      | Noticed Dowan
  8746 | D:7      | Killed Duvessa
  8756 | D:7      | Killed Dowan
  9369 | D:7      | Reached skill level 8 in Fighting
  9619 | D:8      | Found a bloodstained altar of Trog.
  9645 | D:8      | Noticed a kobold demonologist
  9954 | D:8      | Noticed a red devil
 10020 | D:8      | Noticed a hellwing
 10054 | D:7      | Noticed a smoke demon
 10059 | D:7      | Killed a kobold demonologist
 10259 | D:8      | Noticed Erica
 10283 | D:8      | Killed Erica
 10284 | D:8      | Reached skill level 5 in Short Blades
 10284 | D:8      | Reached skill level 5 in Long Blades
 10284 | D:8      | Reached skill level 5 in Maces & Flails
 10284 | D:8      | Reached skill level 5 in Polearms
 10284 | D:8      | Reached skill level 5 in Staves
 10284 | D:8      | Reached skill level 5 in Slings
 10284 | D:8      | Reached skill level 5 in Bows
 10284 | D:8      | Reached skill level 5 in Crossbows
 10284 | D:8      | Reached skill level 5 in Throwing
 10284 | D:8      | Reached skill level 5 in Stealth
 10284 | D:8      | Reached skill level 5 in Shields
 10284 | D:8      | Reached skill level 5 in Unarmed Combat
 10284 | D:8      | Reached skill level 5 in Spellcasting
 10284 | D:8      | Reached skill level 5 in Evocations
 10284 | D:8      | Reached XP level 10. HP: 67/81 MP: 17/17
 10494 | D:8      | Found a glowing golden altar of the Shining One.
 10735 | D:8      | Noticed Maurice
 10774 | D:8      | Killed Maurice
 11339 | D:9      | Found a radiant altar of Vehumet.
 11343 | D:9      | Found a hide-covered altar of Uskayaw.
 11781 | D:10     | Entered Level 10 of the Dungeon
 12552 | D:10     | Found a staircase to the Orcish Mines.
 12601 | D:10     | Noticed a two-headed ogre
 12607 | D:10     | Killed a two-headed ogre
 12662 | D:10     | Noticed Nergalle
 12966 | D:9      | Noticed a spectral orc warlord
 12984 | D:9      | Slain by a spectral orc warrior

Illustrated notes

Levels and vault maps discovered:
D:1:      saegor_arrival_simple_a, layout_basic, chequers_serial_rivers_large_a,
          chequers_serial_rivers_micro_c
D:2:      layout_basic, chequers_ecumenical_altar_simple_redux,
          chequers_hall_statues_y, uniq_jessica, uniq_robin
D:3:      layout_basic, nicolae_qazlal_scattered_showers,
          nicolae_ru_awakened_eye
D:4:      layout_basic, zin_scriptorium, kiku_gazebo_pond_becter,
          mainiacjoe_overflow_brackets, serial_shops, shop,
          minmay_misc_feat_ornament, minivault_5, uniq_grinder
D:5:      kennysheep_steamy, layout_basic, hex_tiny, kennysheep_generic_room_5,
          uniq_ijyb
D:6:      layout_gridville, lemuel_tele_altar, minmay_temple_entry_hall,
          serial_shops, shop, hex_large, minivault_25, uniq_maggie
D:7:      layout_basic, serial_bayou_crossing, uniq_duvessa
D:8:      layout_gridville, lemuel_coloured_pillars_altar, lemuel_doored_altar,
          uniq_maurice, uniq_erica
D:9:      layout_long_grid, grunt_temple_overflow_open
D:10:     layout_gridville, due_lair_maze_entry_diamond, david_orc_2,
          serial_rivers, chequers_serial_rivers_large_b,
          chequers_serial_rivers_room_b, chequers_serial_rivers_small_3,
          chequers_serial_rivers_marsh, chequers_serial_rivers_micro_a,
          chequers_serial_rivers_room_b, minmay_curled_crystal, worms_lemuel,
          uniq_nergalle

Skill      XL: |  1  2  3  4  5  6  7  8  9 10 |
---------------+-------------------------------+-----
Short Blades   | 1 2 3 5 |  5.7
Long Blades    | 1 2 3 5 |  5.7
Maces & Flails | 1 2 3 5 |  5.7
Polearms       | 1 2 3 5 |  5.7
Staves         | 1 2 3 5 |  5.7
Slings         | 1 2 3 5 |  5.7
Bows           | 1 2 3 5 |  5.7
Crossbows      | 1 2 3 5 |  5.7
Throwing       | 1 2 3 5 |  5.7
Stealth        | 1 2 3 5 |  5.7
Shields        | 1 2 3 5 |  5.7
Unarmed Combat | 1 2 3 5 |  5.7
Spellcasting   | 1 2 3 5 |  5.7
Evocations     | 1 2 3 5 |  5.7
Conjurations   | 1 2 3 4 |  4.7
Hexes          | 1 2 3 4 |  4.7
Summonings     | 1 2 3 4 |  4.7
Necromancy     | 1 2 3 4 |  4.7
Translocations | 1 2 3 4 |  4.7
Transmutations | 1 2 3 4 |  4.7
Fire Magic     | 1 2 3 4 |  4.7
Ice Magic      | 1 2 3 4 |  4.7
Air Magic      | 1 2 3 4 |  4.7
Earth Magic    | 1 2 3 4 |  4.7
Poison Magic   | 1 2 3 4 |  4.7
Dodging        | 3 4 5 6 |  6.3
Invocations    | 5 6 7 |  7.9
Axes           | 5 6 7 |  7.4
Armour         | 5 6 7 |  7.4
Fighting       | 7 8 |  8.8

Action                   |  1- 3 |  4- 6 |  7- 9 | 10-12 || total
-------------------------+-------+-------+-------+-------++-------
Melee: Hand axe          |    70 |    50 |       |       ||   120
       Bite              |     8 |    18 |    60 |    23 ||   109
       Punch             |     2 |     2 |    19 |     7 ||    30
       Whip              |       |   120 |   433 |   158 ||   711
Invok: Depart the Abyss  |     1 |       |       |       ||     1
       Banish            |       |       |     6 |     4 ||    10
       Bend Space        |       |       |     2 |       ||     2
Evoke: Wand              |       |     1 |     9 |       ||    10
  Use: Scroll            |     1 |       |     9 |     7 ||    17
       Potion            |       |       |     2 |     3 ||     5
 Stab: Paralysed         |       |     7 |    20 |       ||    27
Armor: Chain mail        |    53 |   100 |   303 |   116 ||   572
Dodge: Dodged            |    19 |    52 |   218 |    97 ||   386

Table legend: (Time is in decaauts)
 A = Elapsed time spent in this place.
 B = Non-inter-level travel time spent in this place.
 C = Inter-level travel time spent in this place.
 D = Time resting spent in this place.
 E = Time spent auto-exploring this place.
 F = Levels seen in this place.
 G = Mean time per level.
                   A        B        C        D        E       F      G
               +--------+--------+--------+--------+--------+-----+--------+
         Total |  12998 |  12701 |    297 |   1663 |   9002 |  11 | 1181.6 |
       Dungeon |  12981 |  12684 |    297 |   1663 |   8986 |  10 | 1298.1 |
         Abyss |     17 |     17 |      0 |      0 |     16 |   1 |   17.0 |
               +--------+--------+--------+--------+--------+-----+--------+

Top non-repeatable levels by time:
     D:6: 1857 daAuts
     D:2: 1814 daAuts
     D:4: 1501 daAuts
     D:7: 1498 daAuts
     D:5: 1429 daAuts
     D:8: 1250 daAuts
     D:1: 1117 daAuts
    D:10: 926 daAuts
     D:3: 828 daAuts
     D:9: 757 daAuts
 Abyss:1: 17 daAuts
